 Dungeon Crawl Stone Soup version 0.29-a0-284-gf9362112df (webtiles) character file.

Game seed: 9276175271698876742

1229 rabbitsville the Ruffian (level 8, -1/60 HPs)
             Began as a Gnoll Wanderer on Mar 20, 2022.
             Was a Follower of Okawaru.
             Slain by Maggie
             ... wielding a +0 long sword
              (5 damage)
             ... on level 6 of the Dungeon.
             The game lasted 00:21:59 (7361 turns).

rabbitsville the Ruffian (Gnoll Wanderer)           Turns: 7361, Time: 00:22:00

Health: -1/60      AC: 12    Str: 20    XL:     8   Next: 48%
Magic:  12/12      EV: 15    Int:  8    God:    Okawaru [*.....]
Gold:   562        SH:  0    Dex:  9    Spells: 13/13 levels left

rFire   . . .      SeeInvis .   a - +4 flail
rCold   . . .      Faith    .   (no shield)
rNeg    . . .      Spirit   .   d - +0 ring mail
rPois   .          Reflect  .   o - +0 helmet
rElec   .          Harm     .   i - +0 cloak
rCorr   .          Rampage  .   n - +0 pair of gloves
Will    .....                   B - +0 pair of boots
Stlth   +.........              (no amulet)
HPRegen 0.20/turn               k - +4 ring of evasion
MPRegen 0.13/turn               (no ring)

@: mesmerised
A: fangs 1, strong nose, distributed training
a: Renounce Religion, Heroism


You were on level 6 of the Dungeon.
You worshipped Okawaru.
Okawaru was aware of your devotion.
You visited 2 branches of the dungeon, and saw 7 of its levels.

You collected 562 gold pieces.

Inventory:

Hand Weapons
 a - a +4 flail (weapon)
 b - the +6 hunting sling of Megalomania {flame, Will+ Int+3 SInv}
   (You found it on level 4 of the Dungeon)

   Any ammunition fired from it burns those it strikes, dealing additional fire
   damage.
   Int:       It affects your intelligence (+3).
   SInv:      It lets you see invisible.
   Will:      It increases your willpower.
 q - a +2 dagger
Missiles
 m - 6 poisoned darts
 v - 2 curare-tipped darts (quivered)
Armour
 d - a +0 ring mail (worn)
 i - a +0 cloak (worn)
 n - a +0 pair of gloves (worn)
 o - a +0 helmet (worn)
 B - a +0 pair of boots (worn)
Jewellery
 k - a +4 ring of evasion (left hand)
Wands
 u - a wand of polymorph (6)
 w - a wand of mindburst (17)
 A - a wand of flame (16)
 C - a wand of paralysis (13)
 D - a wand of iceblast (7)
Scrolls
 c - 3 scrolls of fog
 f - 4 scrolls of teleportation {unknown}
 g - 4 scrolls of identify {unknown}
 h - 2 scrolls of noise {unknown}
 j - 2 scrolls of magic mapping {unknown}
 l - a scroll of holy word {unknown}
 r - a scroll of blinking {unknown}
 s - a scroll of enchant armour {unknown}
 y - a scroll of enchant weapon {unknown}
 z - a scroll of amnesia {unknown}
 E - a scroll of fear {unknown}
Potions
 e - 2 potions of curing
 p - a potion of magic {unknown}
 t - 4 potions of attraction {unknown}
 x - a potion of haste {unknown}


   Skills:
 + Level 4.2 Fighting
 + Level 3.3 Short Blades
 + Level 3.3 Long Blades
 + Level 3.3 Axes
 + Level 3.3 Maces & Flails
 + Level 3.3 Polearms
 + Level 3.3 Staves
 + Level 3.3 Slings
 + Level 3.3 Bows
 + Level 3.3 Crossbows
 + Level 7.4 Throwing
 + Level 7.4 Armour
 + Level 3.3 Dodging
 + Level 3.3 Stealth
 + Level 3.3 Shields
 + Level 7.4 Unarmed Combat
 + Level 3.3 Spellcasting
 + Level 2.7 Conjurations
 + Level 2.7 Hexes
 + Level 2.7 Summonings
 + Level 2.7 Necromancy
 + Level 2.7 Translocations
 + Level 2.7 Transmutations
 + Level 2.7 Fire Magic
 + Level 2.7 Ice Magic
 + Level 2.7 Air Magic
 + Level 2.7 Earth Magic
 + Level 2.7 Poison Magic
 + Level 3.6 Invocations
 + Level 3.3 Evocations


You had 13 spell levels left.
You didn't know any spells.
Your spell library contained the following spells:

 Spells                   Type           Power      Damage    Failure   Level
 Pain                     Necr           20%        1d5       16%         1
 Sublimation of Blood     Necr           5%         N/A       24%         2
 Wereblood                Tmut           5%         N/A       24%         2
 Ignite Poison            Fire/Tmut/Pois 5%         N/A       43%         3
 Mephitic Cloud           Conj/Pois/Air  5%         N/A       43%         3
 Vampiric Draining        Necr           5%         2d6       43%         3
 Freezing Cloud           Conj/Ice/Air   2%         6-21      99%         5
 Animate Skeleton         Necr           Unusable   N/A       N/A         1
 Summon Hydra             Summ           Unusable   N/A       N/A         7

Dungeon Overview and Level Annotations

Branches:
Dungeon (6/15)             Temple (1/1) D:4

Altars:
Ashenzari
Cheibriados
Dithmenos
Elyvilon
Fedhas
Gozag
Hepliaklqana
Kikubaaqudgha
Makhleb
Nemelex Xobeh
Okawaru
Qazlal
Ru
Sif Muna
Trog
Uskayaw
Vehumet
Wu Jian
Xom
Yredelemnul
Zin
The Shining One

Shops:
D:3 =

Annotations:
D:3 1 runed translucent door, Dvallin's ghost, weakling FoHu
D:6 Maggie


Innate Abilities, Weirdness & Mutations

You have very sharp teeth.
Your uncanny sense of smell can sniff out nearby items.
Your experience applies equally to all skills.


Message History

The now-empty wand crumbles to dust.
Maggie hits you with a +0 long sword.
Maggie gestures wildly while chanting.
Maggie attempts to bespell you! You resist with almost no effort.
Maggie gestures wildly while chanting.
Maggie attempts to bespell you!
You are mesmerised by Maggie!
Maggie hits you but does no damage.
You can move again.
The +6 hunting sling of Megalomania {flame, Will+ Int+3 SInv} stops flaming.
a - a +4 flail (weapon)
You hit Maggie but do no damage.
Maggie is lightly wounded.
Maggie barely misses you.
You thump Maggie!
Maggie is moderately wounded.
Maggie gestures wildly while chanting.
Maggie draws you further into her thrall.
You hit Maggie. You bite Maggie, but do no damage.
Maggie is moderately wounded.
Maggie casts a spell at you. The bolt of fire hits you.
Maggie hits you with a +0 long sword.
You sock Maggie! Your bite misses Maggie.
Maggie is heavily wounded.
Maggie gestures wildly while chanting.
Maggie draws you further into her thrall.
You sock Maggie! You bite Maggie.
Maggie is severely wounded.
Maggie hits you with a +0 long sword!
* * * LOW HITPOINT WARNING * * *
You barely miss Maggie.
Maggie is severely wounded.
Maggie hits you with a +0 long sword.
* * * LOW HITPOINT WARNING * * *
You hit Maggie. You bite Maggie, but do no damage.
Maggie is severely wounded.
Maggie hits you with a +0 long sword!
* * * LOW HITPOINT WARNING * * *
Maggie hits you with a +0 long sword.
You die...

#.# ##..##
## #.#
##..# .#
####.#
##.###.###
#....#
#.[<....#
#....#
#####.....
#....#
#.###
##...## ...
)###.....#
###
......@@.#
..........#
.#......#.#
#....#.#.#
#.#..#=#.#
...#....#..
. #. $..#.
.. ...


You could see Maggie (mesmerising).

Vanquished Creatures
  Edmund (D:4)
  A sky beast (D:6)
  2 ogres
  2 centaurs (D:5)
  A bullfrog (D:5)
  5 scorpions
  A necrophage (D:4)
  An orc priest (D:4)
  3 hounds (D:5)
  4 adders (D:2)
  A white imp (D:5)
  An ufetubus (D:5)
  2 worms (D:2)
  4 dart slugs
  18 orcs
  4 ball pythons
  10 endoplasms
  3 giant cockroaches
  11 hobgoblins
  A jackal (D:2)
  5 quokkas
  5 bats
  3 frilled lizards
  4 goblins
  3 kobolds
  8 rats
104 creatures vanquished.

Notes
Turn   | Place    | Note
-------+----------+-------------------------------------------
     0 | D:1      | rabbitsville the Gnoll Wanderer began the quest for the
                  | Orb.
     0 | D:1      | rabbitsville set off with the following items: a +2 dagger,
                  | 2 curare-tipped darts, 2 scrolls of fog, a +0 ring mail
     0 | D:1      | Reached XP level 1. HP: 17/17 MP: 1/1
   331 | D:1      | Reached XP level 2. HP: 14/23 MP: 2/2
  1336 | D:2      | Reached XP level 3. HP: 28/28 MP: 3/3
  1690 | D:2      | Reached skill level 1 in Invocations
  1879 | D:2      | Reached skill level 1 in Short Blades
  1879 | D:2      | Reached skill level 1 in Long Blades
  1879 | D:2      | Reached skill level 1 in Axes
  1879 | D:2      | Reached skill level 1 in Maces & Flails
  1879 | D:2      | Reached skill level 1 in Polearms
  1879 | D:2      | Reached skill level 1 in Staves
  1879 | D:2      | Reached skill level 1 in Slings
  1879 | D:2      | Reached skill level 1 in Bows
  1879 | D:2      | Reached skill level 1 in Crossbows
  1879 | D:2      | Reached skill level 1 in Dodging
  1879 | D:2      | Reached skill level 1 in Stealth
  1879 | D:2      | Reached skill level 1 in Shields
  1879 | D:2      | Reached skill level 1 in Spellcasting
  1879 | D:2      | Reached skill level 1 in Evocations
  2226 | D:2      | Reached XP level 4. HP: 34/34 MP: 5/5
  2256 | D:2      | Found a shimmering altar of Xom.
  2665 | D:2      | Reached skill level 1 in Conjurations
  2665 | D:2      | Reached skill level 1 in Hexes
  2665 | D:2      | Reached skill level 1 in Summonings
  2665 | D:2      | Reached skill level 1 in Necromancy
  2665 | D:2      | Reached skill level 1 in Translocations
  2665 | D:2      | Reached skill level 1 in Transmutations
  2665 | D:2      | Reached skill level 1 in Fire Magic
  2665 | D:2      | Reached skill level 1 in Ice Magic
  2665 | D:2      | Reached skill level 1 in Air Magic
  2665 | D:2      | Reached skill level 1 in Earth Magic
  2665 | D:2      | Reached skill level 1 in Poison Magic
  2702 | D:2      | Found a faded altar of an unknown god.
  2856 | D:2      | Noticed an ogre
  2871 | D:2      | Killed an ogre
  2872 | D:2      | Reached XP level 5. HP: 19/41 MP: 5/7
  3190 | D:3      | Found a runed translucent door.
  3191 | D:3      | Noticed Dvallin's ghost (weakling FoHu)
  3939 | D:3      | Found Ommeot's Jewellery Shoppe.
  4185 | D:4      | Reached XP level 6. HP: 36/47 MP: 8/8
  4462 | D:4      | Reached XP level 7. HP: 52/52 MP: 10/10
  4524 | D:4      | Noticed Edmund
  4543 | D:4      | Killed Edmund
  4754 | D:4      | Found a blossoming altar of Fedhas.
  4772 | D:4      | Identified the +6 hunting sling of Megalomania {flame,
                  | Will+ Int+3 SInv}
  5182 | D:4      | Found a staircase to the Ecumenical Temple.
  5188 | Temple   | Entered the Ecumenical Temple
  5833 | Temple   | Became a worshipper of Warmaster Okawaru
  6101 | D:5      | Entered Level 5 of the Dungeon
  6338 | D:5      | Reached XP level 8. HP: 19/60 MP: 12/12
  7288 | D:6      | Reached * piety under Okawaru
  7341 | D:6      | Noticed Maggie
  7347 | D:6      | Paralysed by Maggie for 7 turns
  7361 | D:6      | Slain by Maggie

Illustrated notes

Levels and vault maps discovered:
D:1:      onia_arrival_pentagram, layout_loops_ring
D:2:      minmay_chambers_of_twos, layout_basic, ebering_ecumenical_altar_box,
          basic_altar, minmay_diced_spiral
D:3:      layout_loops_ring, gammafunk_ghost_grave, serial_shops, shop_coins
D:4:      layout_gridville, fedhas_ov_isle_minmay, minmay_temple_entry_fiery,
          serial_glass, glass_columns_a, glass_columns_a, item_on_display_a,
          uniq_edmund
D:5:      layout_basic
D:6:      layout_rooms, hangedman_abyss_or_decor_stabs, minmay_misc_feat_rugged,
          uniq_maggie
Temple:   mainiacjoe_temple_trianglar_array

Skill      XL: |  1  2  3  4  5  6  7  8 |
---------------+-------------------------+-----
Invocations    | 1 2 3 |  3.6
Short Blades   | 1 2 3 |  3.3
Long Blades    | 1 2 3 |  3.3
Axes           | 1 2 3 |  3.3
Maces & Flails | 1 2 3 |  3.3
Polearms       | 1 2 3 |  3.3
Staves         | 1 2 3 |  3.3
Slings         | 1 2 3 |  3.3
Bows           | 1 2 3 |  3.3
Crossbows      | 1 2 3 |  3.3
Dodging        | 1 2 3 |  3.3
Stealth        | 1 2 3 |  3.3
Shields        | 1 2 3 |  3.3
Spellcasting   | 1 2 3 |  3.3
Evocations     | 1 2 3 |  3.3
Conjurations   | 1 2 |  2.7
Hexes          | 1 2 |  2.7
Summonings     | 1 2 |  2.7
Necromancy     | 1 2 |  2.7
Translocations | 1 2 |  2.7
Transmutations | 1 2 |  2.7
Fire Magic     | 1 2 |  2.7
Ice Magic      | 1 2 |  2.7
Air Magic      | 1 2 |  2.7
Earth Magic    | 1 2 |  2.7
Poison Magic   | 1 2 |  2.7
Fighting       | 3 4 |  4.2
Throwing       | 7 |  7.4
Armour         | 7 |  7.4
Unarmed Combat | 7 |  7.4

Action                   |  1- 3 |  4- 6 |  7- 9 || total
-------------------------+-------+-------+-------++-------
Melee: Dagger            |   186 |   157 |       ||   343
       Bite              |    18 |    17 |     9 ||    44
       Punch             |     6 |     6 |     3 ||    15
       Flail             |       |    56 |    83 ||   139
 Fire: Hunting sling     |       |       |    29 ||    29
Throw: Dart              |       |     1 |     4 ||     5
  Use: Potion            |     2 |       |       ||     2
Armor: Ring mail         |    68 |    65 |    33 ||   166
Dodge: Dodged            |    98 |   143 |    59 ||   300

Table legend: (Time is in decaauts)
 A = Elapsed time spent in this place.
 B = Non-inter-level travel time spent in this place.
 C = Inter-level travel time spent in this place.
 D = Time resting spent in this place.
 E = Time spent auto-exploring this place.
 F = Levels seen in this place.
 G = Mean time per level.
                   A        B        C        D        E       F      G
               +--------+--------+--------+--------+--------+-----+--------+
         Total |   7389 |   7310 |     79 |   2103 |   2737 |   7 | 1055.6 |
       Dungeon |   6718 |   6663 |     55 |   2103 |   2359 |   6 | 1119.7 |
        Temple |    670 |    646 |     24 |      0 |    378 |   1 |  670.0 |
               +--------+--------+--------+--------+--------+-----+--------+

Top non-repeatable levels by time:
     D:2: 1817 daAuts
     D:1: 1309 daAuts
     D:4: 1301 daAuts
     D:5: 1179 daAuts
     D:3: 1012 daAuts
  Temple: 670 daAuts
     D:6: 98 daAuts
